Workbook

Sheet January
A1: Category | B1: Amount
A2: Income
A3: Salary / Wages
A4: Business Income
A5: Other Income
A6: Total Income | B6: =SUM(B3:B5) -> 0
A8: Expenses
A9: Mortgage or Rent
A10: Housing Maintenance
A11: HOA
A12: Electricity
A13: Water
A14: Sewage
A15: Internet
A16: Cellphone
A17: Natural Gas
A18: Food - Groceries
A19: Food - Dining out
... A36: Donation / Gifts
A37: Total Expenses | B37: =SUM(B9:B36) -> 0
A39: Net Savings (Income - Expenses) | B39: =B6-B38 -> 0

Sheet February
A1: Category | B1: Amount
A2: Income
A3: Salary / Wages
A4: Business Income
A5: Other Income
A6: Total Income | B6: =SUM(B3:B5) -> 0
A8: Expenses
A9: Mortgage or Rent
A10: Housing Maintenance
A11: HOA
A12: Electricity
A13: Water
A14: Sewage
A15: Internet
A16: Cellphone
A17: Natural Gas
A18: Food - Groceries
A19: Food - Dining out
... A36: Donation / Gifts
A37: Total Expenses | B37: =SUM(B9:B36) -> 0
A39: Net Savings (Income - Expenses) | B39: =B6-B38 -> 0

Sheet March
A1: Category | B1: Amount
A2: Income
A3: Salary / Wages
A4: Business Income
A5: Other Income
A6: Total Income | B6: =SUM(B3:B5) -> 0
A8: Expenses
A9: Mortgage or Rent
A10: Housing Maintenance
A11: HOA
A12: Electricity
A13: Water
A14: Sewage
A15: Internet
A16: Cellphone
A17: Natural Gas
A18: Food - Groceries
A19: Food - Dining out
... A36: Donation / Gifts
A37: Total Expenses | B37: =SUM(B9:B36) -> 0
A39: Net Savings (Income - Expenses) | B39: =B6-B38 -> 0

Sheet April
A1: Category | B1: Amount
A2: Income
A3: Salary / Wages
A4: Business Income
A5: Other Income
A6: Total Income | B6: =SUM(B3:B5) -> 0
A8: Expenses
A9: Mortgage or Rent
A10: Housing Maintenance
A11: HOA
A12: Electricity
A13: Water
A14: Sewage
A15: Internet
A16: Cellphone
A17: Natural Gas
A18: Food - Groceries
A19: Food - Dining out
... A36: Donation / Gifts
A37: Total Expenses | B37: =SUM(B9:B36) -> 0
A39: Net Savings (Income - Expenses) | B39: =B6-B38 -> 0

Sheet May
A1: Category | B1: Amount
A2: Income
A3: Salary / Wages
A4: Business Income
A5: Other Income
A6: Total Income | B6: =SUM(B3:B5) -> 0
A8: Expenses
A9: Mortgage or Rent
A10: Housing Maintenance
A11: HOA
A12: Electricity
A13: Water
A14: Sewage
A15: Internet
A16: Cellphone
A17: Natural Gas
A18: Food - Groceries
A19: Food - Dining out
... A36: Donation / Gifts
A37: Total Expenses | B37: =SUM(B9:B36) -> 0
A39: Net Savings (Income - Expenses) | B39: =B6-B38 -> 0

Sheet June
A1: Category | B1: Amount
A2: Income
A3: Salary / Wages
A4: Business Income
A5: Other Income
A6: Total Income | B6: =SUM(B3:B5) -> 0
A8: Expenses
A9: Mortgage or Rent
A10: Housing Maintenance
A11: HOA
A12: Electricity
A13: Water
A14: Sewage
A15: Internet
A16: Cellphone
A17: Natural Gas
A18: Food - Groceries
A19: Food - Dining out
... A36: Donation / Gifts
A37: Total Expenses | B37: =SUM(B9:B36) -> 0
A39: Net Savings (Income - Expenses) | B39: =B6-B38 -> 0

Sheet July
A1: Category | B1: Amount
A2: Income
A3: Salary / Wages
A4: Business Income
A5: Other Income
A6: Total Income | B6: =SUM(B3:B5) -> 0
A8: Expenses
A9: Mortgage or Rent
A10: Housing Maintenance
A11: HOA
A12: Electricity
A13: Water
A14: Sewage
A15: Internet
A16: Cellphone
A17: Natural Gas
A18: Food - Groceries
A19: Food - Dining out
... A36: Donation / Gifts
A37: Total Expenses | B37: =SUM(B9:B36) -> 0
A39: Net Savings (Income - Expenses) | B39: =B6-B38 -> 0

Sheet August
A1: Category | B1: Amount
A2: Income
A3: Salary / Wages
A4: Business Income
A5: Other Income
A6: Total Income | B6: =SUM(B3:B5) -> 0
A8: Expenses
A9: Mortgage or Rent
A10: Housing Maintenance
A11: HOA
A12: Electricity
A13: Water
A14: Sewage
A15: Internet
A16: Cellphone
A17: Natural Gas
A18: Food - Groceries
A19: Food - Dining out
... A36: Donation / Gifts
A37: Total Expenses | B37: =SUM(B9:B36) -> 0
A39: Net Savings (Income - Expenses) | B39: =B6-B38 -> 0

Sheet September
A1: Category | B1: Amount
A2: Income
A3: Salary / Wages
A4: Business Income
A5: Other Income
A6: Total Income | B6: =SUM(B3:B5) -> 0
A8: Expenses
A9: Mortgage or Rent
A10: Housing Maintenance
A11: HOA
A12: Electricity
A13: Water
A14: Sewage
A15: Internet
A16: Cellphone
A17: Natural Gas
A18: Food - Groceries
A19: Food - Dining out
... A36: Donation / Gifts
A37: Total Expenses | B37: =SUM(B9:B36) -> 0
A39: Net Savings (Income - Expenses) | B39: =B6-B38 -> 0

Sheet October
A1: Category | B1: Amount
A2: Income
A3: Salary / Wages
A4: Business Income
A5: Other Income
A6: Total Income | B6: =SUM(B3:B5) -> 0
A8: Expenses
A9: Mortgage or Rent
A10: Housing Maintenance
A11: HOA
A12: Electricity
A13: Water
A14: Sewage
A15: Internet
A16: Cellphone
A17: Natural Gas
A18: Food - Groceries
A19: Food - Dining out
... A36: Donation / Gifts
A37: Total Expenses | B37: =SUM(B9:B36) -> 0
A39: Net Savings (Income - Expenses) | B39: =B6-B38 -> 0

Sheet November
A1: Category | B1: Amount
A2: Income
A3: Salary / Wages
A4: Business Income
A5: Other Income
A6: Total Income | B6: =SUM(B3:B5) -> 0
A8: Expenses
A9: Mortgage or Rent
A10: Housing Maintenance
A11: HOA
A12: Electricity
A13: Water
A14: Sewage
A15: Internet
A16: Cellphone
A17: Natural Gas
A18: Food - Groceries
A19: Food - Dining out
... A36: Donation / Gifts
A37: Total Expenses | B37: =SUM(B9:B36) -> 0
A39: Net Savings (Income - Expenses) | B39: =B6-B38 -> 0

Sheet December
A1: Category | B1: Amount
A2: Income
A3: Salary / Wages
A4: Business Income
A5: Other Income
A6: Total Income | B6: =SUM(B3:B5) -> 0
A8: Expenses
A9: Mortgage or Rent
A10: Housing Maintenance
A11: HOA
A12: Electricity
A13: Water
A14: Sewage
A15: Internet
A16: Cellphone
A17: Natural Gas
A18: Food - Groceries
A19: Food - Dining out
... A36: Donation / Gifts
A37: Total Expenses | B37: =SUM(B9:B36) -> 0
A39: Net Savings (Income - Expenses) | B39: =B6-B38 -> 0

Sheet Annual Overview
A1: Month | B1: Total Income | C1: Total Expenses | D1: Net Savings
A2: January | B2: =January!B6 -> 0 | C2: =January!B39 -> 0 | D2: =January!B41 -> 0
A3: February | B3: =February!B6 -> 0 | C3: =February!B29 -> 0 | D3: =February!B31 -> 0
A4: March | B4: =March!B6 -> 0 | C4: =March!B29 -> 0 | D4: =March!B31 -> 0
A5: April | B5: =April!B6 -> 0 | C5: =April!B29 -> 0 | D5: =April!B31 -> 0
A6: May | B6: =May!B6 -> 0 | C6: =May!B29 -> 0 | D6: =May!B31 -> 0
A7: June | B7: =June!B6 -> 0 | C7: =June!B29 -> 0 | D7: =June!B31 -> 0
A8: July | B8: =July!B6 -> 0 | C8: =July!B29 -> 0 | D8: =July!B31 -> 0
A9: August | B9: =August!B6 -> 0 | C9: =August!B29 -> 0 | D9: =August!B31 -> 0
A10: September | B10: =September!B6 -> 0 | C10: =September!B29 -> 0 | D10: =September!B31 -> 0
A11: October | B11: =October!B6 -> 0 | C11: =October!B29 -> 0 | D11: =October!B31 -> 0
A12: November | B12: =November!B6 -> 0 | C12: =November!B29 -> 0 | D12: =November!B31 -> 0
A13: December | B13: =December!B6 -> 0 | C13: =December!B29 -> 0 | D13: =December!B31 -> 0
A14: Total | B14: =SUM(B2:B13) -> 0 | C14: =SUM(C2:C13) -> 0 | D14: =SUM(D2:D13) -> 0
A15: Average | B15: =AVERAGE(B2:B13) -> 0 | C15: =AVERAGE(C2:C13) -> 0 | D15: =AVERAGE(D2:D13) -> 0
